 Dungeon Crawl Stone Soup version 0.21.1-1-g345015f (webtiles) character file.

338 tidbits the Sneak (level 6, 44/44 HPs)
             Began as a Gnoll Enchanter on June 6, 2018.
             Quit the game on level 3 of the Dungeon.
             The game lasted 00:11:41 (1304 turns).

tidbits the Sneak (Gnoll Enchanter)                 Turns: 1304, Time: 00:11:42

Health: 44/44      AC:  2    Str: 10    XL:     6   Next: 55%
Magic:  14/14      EV: 15    Int: 20    God:
Gold:   181        SH:  0    Dex: 15    Spells: 3/15 levels left

rFire    . . .     SeeInvis .   a - +1 dagger (venom)
rCold    . . .     Gourm    .   (no shield)
rNeg     . . .     Faith    .   b - +0 robe
rPois    .         Spirit   .   (no helmet)
rElec    .         Reflect  .   (no cloak)
rCorr    .         Harm     .   (no gloves)
MR       .....                  (no boots)
Stlth    ++++......             (no amulet)
HPRegen  0.14/turn              (no ring)
MPRegen  0.14/turn              (no ring)

@: no status effects
A: distributed training, fangs 1, talons 1, camouflage 1, strong nose
a: no special abilities


You were on level 3 of the Dungeon.
You were not hungry.

You visited 1 branch of the dungeon, and saw 4 of its levels.

You collected 181 gold pieces.

Inventory:

Hand Weapons
 a - a +1 dagger of venom (weapon)
   (You found it on level 1 of the Dungeon)
 e - a +1 dagger
 h - a +0 flail
 j - a +0 war axe
 k - a +0 quarterstaff
 m - a +0 war axe of flaming
   (You took it off Blork the orc on level 4 of the Dungeon)
Missiles
 g - 49 stones (quivered)
 i - 16 bolts
 t - 16 arrows
Armour
 b - a +0 robe (worn)
Wands
 p - a wand of paralysis (14)
Scrolls
 l - a scroll of magic mapping
 r - 2 scrolls of remove curse
Potions
 f - 2 potions of magic {unknown}
 n - a potion of brilliance {unknown}
 o - a potion of haste {unknown}
Books
 c - a book of Maledictions

   Spells                             Type                      Level
   a - Corona                         Hexes                        1
   b - Ensorcelled Hibernation        Hexes/Ice                    2
   c - Confuse                        Hexes                        3
   d - Tukima's Dance                 Hexes                        3
   e - Dazzling Spray                 Conjuration/Hexes            3
Comestibles
 d - 4 rations


   Skills:
 + Level 2.0 Fighting
 + Level 3.2 Short Blades
 + Level 2.0 Long Blades
 + Level 2.0 Axes
 + Level 2.0 Maces & Flails
 + Level 2.0 Polearms
 + Level 2.0 Staves
 + Level 2.0 Slings
 + Level 2.0 Bows
 + Level 2.0 Crossbows
 + Level 2.0 Throwing
 + Level 2.0 Armour
 + Level 5.0 Dodging
 + Level 6.3 Stealth
 + Level 2.0 Shields
 + Level 2.0 Unarmed Combat
 + Level 5.3 Spellcasting
 + Level 1.5 Conjurations
 + Level 5.6 Hexes
 + Level 1.5 Charms
 + Level 1.5 Summonings
 + Level 1.5 Necromancy
 + Level 1.5 Translocations
 + Level 1.5 Transmutations
 + Level 1.5 Fire Magic
 + Level 1.5 Ice Magic
 + Level 1.5 Air Magic
 + Level 1.5 Earth Magic
 + Level 1.5 Poison Magic
 + Level 2.1 Invocations
 + Level 2.0 Evocations


You had 3 spell levels left.
You knew the following spells:

 Your Spells              Type           Power        Failure   Level  Hunger
a - Corona                Hex            ####...      1%          1    None
b - Tukima's Dance        Hex            ####....     3%          3    ##.....
c - Confuse               Hex            ####....     3%          3    ##.....
d - Dazzling Spray        Conj/Hex       ###...       8%          3    ##.....
e - Ensorcelled Hibernat  Hex/Ice        ###...       3%          2    None


Dungeon Overview and Level Annotations

Branches:
Dungeon (4/15)
 Temple: D:4-7

Altars:
Gozag
Qazlal
Sif Muna
Vehumet
Wu Jian
Zin
The Shining One

Annotations:
D:4 Menkaure


Innate Abilities, Weirdness & Mutations

Your experience applies equally to all skills.
You have very sharp teeth.
Your uncanny sense of smell can sniff out nearby items.
You have sharp toenails.
Your skin changes colour to match your surroundings (Stealth+).


Message History

Your Staves skill increases to level 2!
Your Slings skill increases to level 2!
Your Bows skill increases to level 2!
Your Crossbows skill increases to level 2!
Your Throwing skill increases to level 2!
Your Armour skill increases to level 2!
Your Shields skill increases to level 2!
Your Unarmed Combat skill increases to level 2!
Your Evocations skill increases to level 2!
You see here a bat corpse.
You butcher the bat corpse.
Things that are here:
a chunk of flesh; a bat skeleton Eat a chunk of flesh? (ye/n/q)
You eat the chunk of flesh.
This raw flesh tastes terrible.
A kobold comes into view. It is wielding a club.
You see here a scroll labeled BEOSA EVUXKUSK.
p - a scroll labeled BEOSA EVUXKUSK You see here a bat skeleton.
You see here a scroll labeled JURHUO QEOPS.
q - a scroll labeled JURHUO QEOPS
There is a stone staircase leading down here.
You climb downwards.
There is a stone staircase leading up here.
Unknown command.
Found an encrusted gold wand.
You see here a wand of paralysis (14).
s - a wand of paralysis (14) Adjust (i)tems, (s)pells, or (a)bilities?
Adjust which item? (? for menu, Esc to quit)
s - a wand of paralysis (14) Adjust to which letter? (? for menu, Esc to quit)
p - a wand of paralysis (14);
s - a scroll labeled BEOSA EVUXKUSK
Found 26 stones.
Found 17 stones.
You see here 26 stones.
g - 49 stones (gained 26)
Found 16 arrows and a small bronze amulet.
You see here 16 arrows.
t - 16 arrows You see here a small bronze amulet.
u - a small bronze amulet Put on which piece of jewellery? (? for menu, Esc to quit)
Oops, that amulet feels deathly cold.
u - a cursed amulet of inaccuracy (around neck)
As you read the scroll of remove curse, it crumbles to dust.
You feel as if something is helping you.
Drop what? 21/52 slots (_ for help) (? for menu, Esc to quit)
You remove your amulet of inaccuracy.
You drop an uncursed amulet of inaccuracy.
Found 20 stones.
Found a scroll labeled MUEDO KOUJIPP.
A bat comes into view.
You see here a scroll labeled MUEDO KOUJIPP.
u - a scroll labeled MUEDO KOUJIPP An adder comes into view.
The helpless bat fails to defend itself.
You spit the bat like a pig!!!
You kill the bat!
The adder hisses angrily.
The adder bites you. The adder misses you.
You hit the adder.
The adder is poisoned.
The adder is lightly wounded.
The adder barely misses you.
You hit the adder.
The adder looks as sick as possible!
You claw the adder.
The adder is heavily wounded.
The adder closely misses you.
You hit the adder.
The adder looks as sick as possible!
You claw the adder. Your bite misses the adder.
The adder is almost dead.
You kill the adder!
A kobold comes into view. It is wielding a whip.
The helpless kobold fails to defend itself.
You impale the kobold!!
You kill the kobold!
Things that are here:
a whip; a kobold corpse
Found 8 gold pieces.
You see here 8 gold pieces.
You now have 168 gold pieces (gained 8).
Found 13 gold pieces.
A quokka comes into view.
The helpless quokka fails to defend itself.
You impale the quokka!!
You kill the quokka!
You see here 13 gold pieces.
You now have 181 gold pieces (gained 13).
A frilled lizard comes into view.
The helpless frilled lizard fails to defend itself.
You impale the frilled lizard!!
You kill the frilled lizard!
As you read the scroll labeled JURHUO QEOPS, it crumbles to dust.
The air around you briefly surges with heat, but it dissipates.
It was a scroll of immolation.
As you read the scroll labeled BEOSA EVUXKUSK, it crumbles to dust.
You assume a fearsome visage.
Nothing appears to happen.
It was a scroll of fear.
As you read the scroll labeled MUEDO KOUJIPP, it crumbles to dust.
You hear whispers in an ancient language.
It was a scroll of random uselessness.
Are you sure you want to abandon this character and quit the game? (Confirm with "yes".)

#.##########.#..[##
#.# #....... #.#
#####.#..<.# #.#
#.......#... #.#
#..####....# #.#
#..# ##.#.. #.##
#..# #.### #..#
#..# ##.# # ##@#
#..# #..... #.#
#..# #..### #.#
#..# #..# #.# #..#
#..# #.# #..# #..#
#.# #..####..###
#.# ###...........
#.# #..........###
#.# #.#...........


There were no monsters in sight!

Vanquished Creatures
  An ogre (D:4)
  Blork the orc (D:4)
  An orc priest (D:4)
  A bullfrog skeleton (D:4)
  A worker ant (D:4)
  3 adders
  3 gnolls (D:2)
  A worm (D:3)
  A dart slug (D:2)
  A leopard gecko (D:4)
  8 orcs (D:4)
  A ball python (D:2)
  6 bats
  2 giant cockroaches (D:2)
  2 goblins
  4 hobgoblins
  3 quokkas
  A frilled lizard (D:3)
  A jackal skeleton (D:4)
  3 kobolds
  3 rats
48 creatures vanquished.

Notes
Turn   | Place    | Note
-------+----------+-------------------------------------------
     0 | D:1      | tidbits the Gnoll Enchanter began the quest for the Orb.
     0 | D:1      | Reached XP level 1. HP: 13/13 MP: 6/6
     4 | D:1      | Found a deep blue altar of Sif Muna.
   191 | D:1      | Reached XP level 2. HP: 19/19 MP: 7/7
   195 | D:1      | Learned a level 2 spell: Ensorcelled Hibernation
   414 | D:2      | Found an ornate altar of the Wu Jian Council.
   415 | D:2      | Found a glowing silver altar of Zin.
   418 | D:2      | Found a glowing golden altar of the Shining One.
   442 | D:2      | Reached skill level 5 in Spellcasting
   442 | D:2      | Reached XP level 3. HP: 25/25 MP: 5/9
   450 | D:2      | Reached skill level 6 in Stealth
   450 | D:2      | Reached skill level 1 in Invocations
   497 | D:2      | Reached skill level 1 in Fighting
   497 | D:2      | Reached skill level 1 in Long Blades
   497 | D:2      | Reached skill level 1 in Axes
   497 | D:2      | Reached skill level 1 in Maces & Flails
   497 | D:2      | Reached skill level 1 in Polearms
   497 | D:2      | Reached skill level 1 in Staves
   497 | D:2      | Reached skill level 1 in Slings
   497 | D:2      | Reached skill level 1 in Bows
   497 | D:2      | Reached skill level 1 in Crossbows
   497 | D:2      | Reached skill level 1 in Throwing
   497 | D:2      | Reached skill level 1 in Armour
   497 | D:2      | Reached skill level 1 in Shields
   497 | D:2      | Reached skill level 1 in Unarmed Combat
   497 | D:2      | Reached skill level 1 in Evocations
   586 | D:2      | Reached XP level 4. HP: 27/32 MP: 8/11
   676 | D:2      | Found a stormy altar of Qazlal.
   676 | D:2      | Found a radiant altar of Vehumet.
   726 | D:3      | Found an opulent altar of Gozag.
   822 | D:4      | Noticed Blork the orc
   828 | D:4      | Killed Blork the orc
   828 | D:4      | Reached skill level 1 in Conjurations
   828 | D:4      | Reached skill level 1 in Charms
   828 | D:4      | Reached skill level 1 in Summonings
   828 | D:4      | Reached skill level 1 in Necromancy
   828 | D:4      | Reached skill level 1 in Translocations
   828 | D:4      | Reached skill level 1 in Transmutations
   828 | D:4      | Reached skill level 1 in Fire Magic
   828 | D:4      | Reached skill level 1 in Ice Magic
   828 | D:4      | Reached skill level 1 in Air Magic
   828 | D:4      | Reached skill level 1 in Earth Magic
   828 | D:4      | Reached skill level 1 in Poison Magic
   828 | D:4      | Reached XP level 5. HP: 37/37 MP: 12/12
   829 | D:4      | Noticed an ogre
   832 | D:4      | Killed an ogre
   832 | D:4      | Reached skill level 3 in Short Blades
   834 | D:4      | Reached skill level 2 in Invocations
   834 | D:4      | Reached XP level 6. HP: 44/44 MP: 13/13
   934 | D:4      | Learned a level 3 spell: Confuse
   938 | D:4      | Learned a level 3 spell: Tukima's Dance
   942 | D:4      | Learned a level 3 spell: Dazzling Spray
   943 | D:4      | Noticed Menkaure
   984 | D:4      | Reached skill level 5 in Dodging
  1003 | D:4      | Gained mutation: You have sharp toenails. [potion of mutation]
  1003 | D:4      | Gained mutation: Your skin changes colour to match your surroundings (Stealth+). [potion of mutation]
  1120 | D:2      | Reached skill level 2 in Fighting
  1120 | D:2      | Reached skill level 2 in Long Blades
  1120 | D:2      | Reached skill level 2 in Axes
  1120 | D:2      | Reached skill level 2 in Maces & Flails
  1120 | D:2      | Reached skill level 2 in Polearms
  1120 | D:2      | Reached skill level 2 in Staves
  1120 | D:2      | Reached skill level 2 in Slings
  1120 | D:2      | Reached skill level 2 in Bows
  1120 | D:2      | Reached skill level 2 in Crossbows
  1120 | D:2      | Reached skill level 2 in Throwing
  1120 | D:2      | Reached skill level 2 in Armour
  1120 | D:2      | Reached skill level 2 in Shields
  1120 | D:2      | Reached skill level 2 in Unarmed Combat
  1120 | D:2      | Reached skill level 2 in Evocations
  1304 | D:3      | Quit the game

Skill      XL: |  1  2  3  4  5  6 |
---------------+-------------------+-----
Spellcasting   | 5 |  5.3
Stealth        | 6 |  6.3
Invocations    | 1 2 |  2.1
Fighting       | 1 2 |  2.0
Long Blades    | 1 2 |  2.0
Axes           | 1 2 |  2.0
Maces & Flails | 1 2 |  2.0
Polearms       | 1 2 |  2.0
Staves         | 1 2 |  2.0
Slings         | 1 2 |  2.0
Bows           | 1 2 |  2.0
Crossbows      | 1 2 |  2.0
Throwing       | 1 2 |  2.0
Armour         | 1 2 |  2.0
Shields        | 1 2 |  2.0
Unarmed Combat | 1 2 |  2.0
Evocations     | 1 2 |  2.0
Conjurations   | 1 |  1.5
Charms         | 1 |  1.5
Summonings     | 1 |  1.5
Necromancy     | 1 |  1.5
Translocations | 1 |  1.5
Transmutations | 1 |  1.5
Fire Magic     | 1 |  1.5
Ice Magic      | 1 |  1.5
Air Magic      | 1 |  1.5
Earth Magic    | 1 |  1.5
Poison Magic   | 1 |  1.5
Short Blades   | 3 |  3.2
Dodging        | 5 |  5.0
Hexes          | |  5.6

Action                   |  1- 3 |  4- 6 || total
-------------------------+-------+-------++-------
Melee: Dagger            |    50 |    47 ||    97
       Bite              |     4 |     2 ||     6
       Kick              |       |     2 ||     2
 Cast: Corona            |     5 |       ||     5
       Ensorcelled Hiber |     7 |    21 ||    28
       Confuse           |       |     1 ||     1
  Use: Scroll            |     1 |     5 ||     6
       Potion            |       |     1 ||     1
 Stab: Sleeping          |     7 |    23 ||    30
  Eat: Chunk             |       |     1 ||     1
Armor: Robe              |     7 |     2 ||     9
Dodge: Dodged            |    31 |    36 ||    67

Table legend:
 A = Turns spent in this place as a percentage of turns spent in the entire game.
 B = Non-inter-level travel turns spent in this place as a percentage of non-inter-level travel turns spent in the entire game.
 C = Inter-level travel turns spent in this place as a percentage of turns spent in this place.
 D = Turns resting spent in this place as a percentage of non-inter-level travel turns spent in this place.
 E = Turns spent auto-exploring this place as a percentage of non-inter-level travel turns spent in this place.
 F = Non-inter-level travel turns spent in this place divided by the number of levels of this place that you've seen.
                   A       B       C       D       E      F
               +-------+-------+-------+-------+-------+----------------------
         Total | 100.0 | 100.0 |   1.8 |   0.0 |   0.0 | 320.2
       Dungeon | 100.0 | 100.0 |   1.8 |   0.0 |   0.0 | 320.2
               +-------+-------+-------+-------+-------+----------------------

Table legend:
 A = Kills in this place as a percentage of kills in entire the game.
 B = Kills by you in this place as a percentage of kills by you in the entire game.
 C = Kills by friends in this place as a percentage of kills by friends in the entire game.
 D = Other kills in this place as a percentage of other kills in the entire game.
 E = Experience gained in this place as a percentage of experience gained in the entire game.
 F = Experience gained in this place divided by the number of levels of this place that you have seen.
                   A       B       C       D       E      F
               +-------+-------+-------+-------+-------+----------------------
         Total | 100.0 | 100.0 |   N/A |   N/A | 100.0 | 120.8
       Dungeon | 100.0 | 100.0 |   N/A |   N/A | 100.0 | 120.8
               +-------+-------+-------+-------+-------+----------------------

Vault maps used:
D:1:      dpeg_arrival_water_altar, nrook_mini_vaults
D:2:      minitemple, lemuel_round_altar, gammafunk_temple_overflow_wave
D:3:      first_ration, grunt_gozag_breadcrumbs
D:4:      minmay_temple_entry_overgrown, serial_shops, shop, uniq_blork_the_orc,
          uniq_menkaure
